 Dungeon Crawl Stone Soup version 0.31-a0-920-g28cbb04a8c (webtiles) character file.

Game seed: 1700306363740101165

1456 totrandom the Trooper (level 9, 67/67 HPs)
             Began as a Djinni Delver on Oct 12, 2023.
             Was a Priest of Okawaru.
             Quit the game on level 6 of the Dungeon on Oct 17, 2023.
             The game lasted 00:20:28 (4541 turns).

totrandom the Trooper (Djinni Delver)               Turns: 4541, Time: 00:20:28

Health: 67/67      AC:  7    Str: 11    XL:     9   Next: 5%
Gold:   134        EV: 12    Int: 15    God:    Okawaru [***...] SH:  0 Dex: 16

rFire   + + +        t - +4 short sword (elec)
rCold   x . .        (no shield)
rNeg    . . .        C - +2 leather armour {rF+}
rPois   ∞            i - +0 helmet
rElec   .            j - scarf {shadows}
rCorr   .            z - +0 pair of gloves
SInv    .            (boots unavailable)
Will    .....        (no amulet)
Stlth   ++           (no ring)
HPRegen 0.31/turn    (no ring)
MPRegen 0.00/turn

%: no passive effects
@: flying
A: sickness immunity, fire resistance 2, cold vulnerability 1, float, innate
caster, HP casting, extra vitality 1
a: Renounce Religion, Heroism


You were on level 6 of the Dungeon.
You worshipped Okawaru.
Okawaru was most pleased with you.
You visited 1 branch of the dungeon, and saw 6 of its levels.

You collected 134 gold pieces.

Inventory:

Hand Weapons
 a - a +0 short sword
 h - a +3 dagger
 k - a +2 whip of electrocution
 o - a +0 rapier
 t - a +4 short sword of electrocution (weapon)
Missiles
 B - a throwing net
Armour
 b - a +0 leather armour
 i - a +0 helmet (worn)
 j - a scarf of shadows (worn)
 z - a +0 pair of gloves (worn)
 C - a +2 leather armour of fire resistance (worn)
Wands
 g - a wand of digging (3)
 v - a wand of flame (14)
 A - a wand of mindburst (3)
Scrolls
 c - a scroll of fog
 d - a scroll of revelation
 n - a scroll of identify
 p - a scroll of amnesia
 q - a scroll of teleportation
 y - a scroll of poison {unknown}
Potions
 e - a potion of heal wounds
 f - a potion of haste
 l - a potion of enlightenment
 m - 2 potions of lignification
 r - 2 potions of might
 s - 4 potions of mutation
 w - a potion of resistance {unknown}
 x - a potion of brilliance {unknown}


   Skills:
 + Level 6.4 Fighting
 - Level 4.0 Short Blades
 - Level 2.6 Dodging
 - Level 4.1 Stealth
 - Level 4.1 Spellcasting
 - Level 4.1 Conjurations
 - Level 4.1 Hexes
 - Level 4.1 Summonings
 - Level 4.1 Necromancy
 - Level 4.1 Translocations
 - Level 4.1 Transmutations
 - Level 4.1 Fire Magic
 - Level 4.1 Ice Magic
 - Level 4.1 Air Magic
 - Level 4.1 Earth Magic
 - Level 4.1 Poison Magic
 - Level 5.0 Invocations


You knew the following spells:

 Your Spells              Type           Power      Damage    Failure   Level
a - Freeze                Ice            60%        1d7       4%          1
b - Momentum Strike       Conj/Tloc      30%        3d8       7%          2
c - Confusing Touch       Hex            15%        N/A       13%         3
d - Hailstorm             Conj/Ice       15%        3d5       13%         3
Your spell library was empty.

Dungeon Overview and Level Annotations

Branches:
Dungeon (6/15)
 Temple: D:4-7

Altars:
Makhleb
Okawaru

Shops:
D:3 (

Annotations:
D:3 Sigmund


Innate Abilities, Weirdness & Mutations

You are immune to sickness and miasma.
You are immune to poison.
Your flesh is very heat resistant. (rF++)
You are vulnerable to cold. (rC-)
You float through the air rather than walking.
You learn spells naturally, not from books.
Your magical power is your life essence.
You have superior vitality. (+4 MHP)


Message History

You kill the orc priest!
Okawaru accepts your kill. Something hits you but does no damage.
You barely miss something.
Your magical contamination has completely faded away.
You hit something. The orc hits you with a +0 flail.
You hear some strange, mumbled words.
A puff of flame appears from out of thin air!
The puff of flame hits you but does no damage.
You hit something. The orc barely misses you.
Something hits you but does no damage.
You miss something. The orc misses you. Something hits you.
You hit something. Okawaru accepts your kill.
Reactivating autopickup.
You feel a bit more experienced. The orc barely misses you.
You hit the orc.
The orc is heavily wounded.
You closely miss the orc.
The orc is heavily wounded.
The orc hits you but does no damage.
You closely miss the orc.
The orc is heavily wounded.
The orc closely misses you.
You closely miss the orc.
The orc is heavily wounded.
The orc completely misses you.
You hit the orc.
You kill the orc!
Okawaru accepts your kill.
Things that are here:
a +0 dagger; a +0 robe
Things that are here:
a +0 flail; a +0 flail; an orc corpse A hound comes into view.
Saving game... please wait.
Welcome back, totrandom the Djinni Delver.
Okawaru says: Bring me glory in combat!
Press ? for a list of commands and other information.
Are you sure you want to abandon this character and quit the game? (Confirm with "yes".)

#..# #.... h.... #
#....######..
............
.........# #@..#
#...# #####...#
..........#
#.######..#
#.........###
#......##...# #
##.###.#..#.###.#.
...###.#..........


You could see a hound (wandering).

Vanquished Creatures
  Duvessa (D:5)
  2 water moccasins (D:5)
  A black bear (D:4)
  An ogre (D:5)
  A scorpion (D:6)
  4 wights (D:5)
  Dowan (D:5)
  2 howler monkeys
  An orc priest (D:6)
  A gnoll bouda (D:4)
  3 hounds
  Jessica (D:3)
  Terence (D:3)
  4 iguanas
  An orc wizard (D:6)
  8 gnolls
  9 adders
  An ufetubus (D:5)
  A worm (D:3)
  3 dart slugs
  12 orcs
  8 ball pythons
  5 endoplasms
  2 giant cockroaches
  4 hobgoblins
  5 jackals
  8 kobolds
  3 quokkas
  7 bats
  A frilled lizard (D:3)
  8 goblins
  3 rats (D:1)
113 creatures vanquished.

Notes
Turn   | Place    | Note
-------+----------+-------------------------------------------
     0 | D:5      | totrandom the Djinni Delver began the quest for the Orb.
     0 | D:5      | Reached XP level 1. HP: 20/20 MP: 0/0
    13 | D:5      | Noticed a hound
    21 | D:5      | Noticed an ogre
    21 | D:5      | Noticed a water moccasin
    36 | D:4      | Noticed a howler monkey
    82 | D:3      | Reached XP level 2. HP: 25/25 MP: 0/0
   313 | D:1      | Reached XP level 3. HP: 29/30 MP: 0/0
   313 | D:1      | Learned a level 1 spell: Freeze
   613 | D:1      | Reached skill level 1 in Spellcasting
   613 | D:1      | Reached skill level 1 in Conjurations
   613 | D:1      | Reached skill level 1 in Hexes
   613 | D:1      | Reached skill level 1 in Summonings
   613 | D:1      | Reached skill level 1 in Necromancy
   613 | D:1      | Reached skill level 1 in Translocations
   613 | D:1      | Reached skill level 1 in Transmutations
   613 | D:1      | Reached skill level 1 in Fire Magic
   613 | D:1      | Reached skill level 1 in Ice Magic
   613 | D:1      | Reached skill level 1 in Air Magic
   613 | D:1      | Reached skill level 1 in Earth Magic
   613 | D:1      | Reached skill level 1 in Poison Magic
  1207 | D:2      | Found a faded altar of an unknown god.
  1217 | D:2      | Reached XP level 4. HP: 34/35 MP: 0/0
  1371 | D:2      | Prayed at the altar of an unknown god.
  1371 | D:2      | Became a worshipper of Warmaster Okawaru
  1371 | D:2      | Reached * piety under Okawaru
  1373 | D:2      | Upgraded the game from 0.31-a0-875-g02e7d12df6 to
                  | 0.31-a0-881-ge136f0c47a
  1441 | D:2      | Reached XP level 5. HP: 36/40 MP: 0/0
  1441 | D:2      | Learned a level 2 spell: Momentum Strike
  1711 | D:3      | Noticed Terence
  1721 | D:3      | Killed Terence
  1829 | D:3      | Found a burning altar of Makhleb.
  1831 | D:3      | Noticed a balrug
  1835 | D:3      | Noticed a hellwing
  1835 | D:3      | Noticed an orange demon
  1949 | D:3      | Found Ovoxivost's Weapon Shoppe.
  1955 | D:3      | Noticed Jessica
  1965 | D:3      | Killed Jessica
  2190 | D:3      | Noticed Sigmund
  2464 | D:4      | Reached XP level 6. HP: 46/46 MP: 0/0
  2984 | D:4      | Noticed a black bear
  2997 | D:4      | Killed a black bear
  2997 | D:4      | Reached ** piety under Okawaru
  2998 | D:4      | Reached skill level 1 in Invocations
  2998 | D:4      | Reached XP level 7. HP: 44/50 MP: 0/0
  2998 | D:4      | Learned a level 3 spell: Confusing Touch
  3566 | D:5      | Reached skill level 4 in Fighting
  3580 | D:5      | Killed a water moccasin
  3611 | D:5      | Reached XP level 8. HP: 58/58 MP: 0/0
  3699 | D:5      | Reached *** piety under Okawaru
  3726 | D:5      | Noticed Dowan
  3735 | D:5      | Noticed Duvessa
  3907 | D:5      | Reached skill level 5 in Fighting
  4129 | D:5      | Killed Duvessa
  4267 | D:5      | Killed Dowan
  4363 | D:6      | Reached skill level 6 in Fighting
  4394 | D:6      | Reached skill level 5 in Invocations
  4394 | D:6      | Reached XP level 9. HP: 66/66 MP: 0/0
  4394 | D:6      | Learned a level 3 spell: Hailstorm
  4541 | D:6      | Upgraded the game from 0.31-a0-881-ge136f0c47a to
                  | 0.31-a0-920-g28cbb04a8c
  4541 | D:6      | Quit the game

Illustrated notes

Levels and vault maps discovered:
D:1:      roderic_chinese_lattice_arrival, layout_basic, dk_noncrumbling_3
D:2:      layout_basic, basic_ecumenical_altar
D:3:      layout_loops_ring, makhleb_altar_promises_db, serial_shops, shop,
          uniq_jessica, uniq_terence, uniq_sigmund
D:4:      layout_gridville, chequers_serial_rivers_micro_b
D:5:      layout_rooms, uniq_menkaure, uniq_duvessa
D:6:      layout_basic, good_gods_temple_1, minmay_ruined_shrine

Skill      XL: |  1  2  3  4  5  6  7  8 |
---------------+-------------------------+-----
Short Blades   | 2 3 4 |  4.0
Spellcasting   | 1 2 3 4 |  4.1
Conjurations   | 1 2 3 4 |  4.1
Hexes          | 1 2 3 4 |  4.1
Summonings     | 1 2 3 4 |  4.1
Necromancy     | 1 2 3 4 |  4.1
Translocations | 1 2 3 4 |  4.1
Transmutations | 1 2 3 4 |  4.1
Fire Magic     | 1 2 3 4 |  4.1
Ice Magic      | 1 2 3 4 |  4.1
Air Magic      | 1 2 3 4 |  4.1
Earth Magic    | 1 2 3 4 |  4.1
Poison Magic   | 1 2 3 4 |  4.1
Invocations    | 1 2 5 |  5.0
Fighting       | 4 6 |  6.4
Dodging        | |  2.6
Stealth        | |  4.1

Action                     |  1- 3 |  4- 6 |  7- 9 || total
---------------------------+-------+-------+-------++-------
  Melee: Dagger            |    32 |       |       ||    32
         Whip              |    38 |    60 |       ||    98
         Short sword       |       |    70 |   154 ||   224
         Punch             |       |       |     3 ||     3
   Cast: Freeze            |     1 |     1 |       ||     2
         Momentum Strike   |       |     1 |       ||     1
         Hailstorm         |       |       |     3 ||     3
  Evoke: Wand              |       |       |     8 ||     8
    Use: Scroll            |       |     2 |     8 ||    10
   Stab: Sleeping          |     8 |    10 |     1 ||    19
 Armour: Leather armour    |    31 |    72 |   102 ||   205
  Dodge: Dodged            |    51 |    89 |    82 ||   222

Table legend: (Time is in decaauts)
 A = Elapsed time spent in this place.
 B = Non-inter-level travel time spent in this place.
 C = Inter-level travel time spent in this place.
 D = Time resting spent in this place.
 E = Time spent auto-exploring this place.
 F = Levels seen in this place.
 G = Mean time per level.
                   A        B        C        D        E       F      G
               +--------+--------+--------+--------+--------+-----+--------+
         Total |   4513 |   4276 |    237 |    542 |   2588 |   6 |  752.2 |
       Dungeon |   4513 |   4276 |    237 |    542 |   2588 |   6 |  752.2 |
               +--------+--------+--------+--------+--------+-----+--------+

Top non-repeatable levels by time:
     D:4: 973 daAuts
     D:1: 905 daAuts
     D:5: 891 daAuts
     D:3: 850 daAuts
     D:2: 638 daAuts
     D:6: 252 daAuts
